Map: Catalyst LE

Players

Impact - Winner!

  • Race: Zerg Zerg
  • Spawn Location: 11:00

Neeb

  • Race: Protoss Protoss
  • Spawn Location: 5:00

Event: IEM Season 12 - Katowice

VOD

Have the link to the VOD?

Description

Time

  • Played on: March 2, 2018, 10:24 a.m.
  • Length: 13:05

All games in this series

Show
View Real Time Build Order
Export as new Build Order

Impact Zerg - Winner!

Build Orders: Hatch First, Lurkers, Roach Hydra 

Get SALT Encoding   

  12  0:00  Drone  
  13  0:12  Overlord  
  13  0:17  Drone  
  14  0:30  Drone x2  
  14  0:35  Drone  
  17  0:51  Hatchery  
  17  0:55  Drone  
  17  0:58  Drone  
  18  1:09  Extractor  
  17  1:13  Spawning Pool  
  17  1:16  Drone  
  17  1:20  Drone  
  18  1:28  Drone  
  19  1:39  Drone  
  20  1:47  Hatchery  
  20  1:51  Drone  
  20  2:00  Drone  
  21  2:04  Drone  
  22  2:09  Queen  
  22  2:15  Metabolic Boost  
  24  2:19  Zergling x2  
  24  2:21  Zergling x2  
  26  2:24  Zergling x2  
  27  2:32  Overlord  
  27  2:33  Drone  
  28  2:49  Queen  
  28  2:50  Zergling x4  
  32  2:52  Drone  
  32  2:54  Drone  
  32  2:57  Drone  
  35  2:59  Queen  
  35  3:01  Drone  
  35  3:04  Drone  
  39  3:09  Drone  
  39  3:11  Drone  
  41  3:17  Overlord  
  41  3:20  Drone  
  41  3:22  Overlord  
  41  3:32  Drone  
  41  3:38  Drone x3  
  41  3:41  Spore Crawler  
  41  3:42  Spore Crawler  
  41  3:43  Spore Crawler  
  41  3:44  Drone x2  
  41  3:46  Drone  
  41  3:49  Drone  
  41  3:50  Drone  
  41  3:53  Drone  
  41  3:55  Drone  
  45  3:57  Drone  
  45  3:58  Drone  
  47  4:03  Drone x2  
  47  4:08  Drone x3  
  51  4:15  Queen  
  53  4:17  Extractor  
  53  4:19  Roach Warren  
  53  4:22  Overlord  
  53  4:23  Overlord  
  51  4:28  Overlord  
  51  4:38  Lair  
  51  4:41  Zergling x14  
  51  4:43  Zergling x2  
  51  4:44  Zergling x2  
  59  4:47  Drone  
  59  4:49  Extractor  
  59  4:50  Drone  
  59  4:52  Evolution Chamber  
  59  4:53  Drone  
  59  4:54  Drone  
  59  4:58  Drone x2  
  59  4:59  Drone  
  64  5:01  Drone  
  64  5:04  Drone  
  65  5:07  Drone x2  
  65  5:09  Roach  
  65  5:10  Roach  
  65  5:12  Overlord  
  71  5:14  Overlord  
  71  5:17  Overlord  
  71  5:20  Overlord  
  71  5:24  Zerg Missile Weapons Level 1  
  71  5:32  Roach  
  71  5:34  Roach x4  
  81  5:36  Roach  
  81  5:38  Roach  
  81  5:40  Roach  
  81  5:42  Roach  
  89  5:44  Roach  
  89  5:46  Glial Reconstitution  
  90  5:50  Zergling x6  
  90  5:53  Roach  
  90  5:55  Roach, Zergling x2  
  97  5:57  Zergling x2  
  97  6:00  Overlord  
  97  6:01  Overlord  
  97  6:14  Overlord x2  
  96  6:19  Drone  
  96  6:20  Drone x7  
  96  6:23  Hydralisk Den  
  103  6:27  Drone  
  103  6:29  Drone  
  103  6:30  Drone x6  
  111  6:34  Extractor  
  111  6:35  Extractor x2  
  111  6:36  Drone  
  109  6:41  Overlord  
  108  6:50  Drone x2  
  110  6:55  Drone, Grooved Spines  
  110  6:56  Lurker Den  
  110  6:57  Hatchery  
  110  6:58  Drone x2  
  111  7:01  Hydralisk  
  111  7:02  Hydralisk x2  
  111  7:05  Hydralisk  
  119  7:11  Hydralisk  
  119  7:12  Hydralisk x2  
  126  7:16  Hydralisk x2  
  126  7:21  Hydralisk  
  126  7:22  Hydralisk  
  127  7:26  Hydralisk  
  119  7:34  Hydralisk x2  
  116  7:39  Drone x4  
  116  7:40  Drone  
  116  7:43  Hatchery  
  119  7:44  Hydralisk  
  119  7:49  Hydralisk  
  123  7:55  Hydralisk x2  
  123  7:58  Zergling x8  
  131  8:00  Overlord  
  131  8:02  Overlord  
  131  8:05  Overlord  
  131  8:07  Muscular Augments  
  131  8:09  Zerg Missile Weapons Level 2  
  131  8:11  Hydralisk  
  133  8:13  Hydralisk  
  133  8:18  Drone  
  133  8:19  Drone x3  
  139  8:22  Drone x2  
  139  8:25  Hydralisk x2  
  145  8:28  Hydralisk  
  145  8:30  Hydralisk  
  145  8:33  Drone  
  150  8:36  Overlord  
  150  8:37  Overlord  
  150  8:40  Hydralisk  
  152  8:43  Hydralisk x2  
  156  8:51  Hydralisk x3  
  156  8:54  Pneumatized Carapace  
  161  9:02  Overlord  
  161  9:06  Spore Crawler  
  161  9:08  Lurker x3  
  163  9:13  Overlord x2, Lurker  
  164  9:21  Roach x3, Zergling x10  
  164  9:23  Extractor  
  174  9:25  Roach x2  
  174  9:26  Extractor  
  174  9:29  Hydralisk  
  174  9:30  Zergling x6  
  182  9:32  Overseer  
  182  9:34  Hydralisk, Zergling x2  
  184  9:43  Roach x2, Zergling x10  
  193  9:48  Hydralisk  
  193  9:49  Zergling x6  
  195  9:56  Hydralisk x2  
  195  9:57  Zergling x2  
  188  10:25  Hydralisk, Zerg Ground Armor Level 1  
  188  10:26  Hydralisk x6  
  189  10:29  Roach x6  
  189  10:34  Lurker x2  
  197  10:44  Lurker x2  
  199  11:02  Hatchery  
  198  11:06  Overlord x2  
  198  11:08  Overlord  
  198  11:10  Overlord x2  
  195  11:13  Spine Crawler  
  195  11:17  Baneling Nest  
  193  11:22  Overlord  
  189  11:38  Roach  
  189  11:39  Roach  
  185  11:40  Roach, Hydralisk  
  185  11:41  Hydralisk x7  
  185  11:44  Hydralisk x3  
  189  11:50  Roach x3  
  189  11:51  Roach  
  182  11:55  Roach  
  182  11:57  Roach  
  182  11:58  Roach  
  175  12:04  Roach x2  
  175  12:05  Roach  
  175  12:06  Roach  
  175  12:08  Hydralisk  
  175  12:11  Roach  
  175  12:14  Roach  
  175  12:15  Roach  
  175  12:18  Roach  
  149  12:27  Roach x3  
  149  12:29  Hydralisk x2  
  149  12:32  Ravager  
  149  12:35  Hydralisk x2  
  149  12:36  Hydralisk  
  146  12:41  Hydralisk  
  144  12:46  Zergling x2  
Show
View Real Time Build Order
Export as new Build Order

Neeb Protoss 

Build Orders: 1 Gate Expand, Oracle Opening, Phoenix Opening 

Get SALT Encoding   

  12  0:00  Probe  
  13  0:12  Probe  
  14  0:19  Pylon  
  14  0:24  Probe  
  15  0:33  Assimilator  
  15  0:37  Probe (Chrono Boost)  
  16  0:43  Gateway  
  16  0:48  Probe (Chrono Boost)  
  17  0:53  Probe (Chrono Boost)  
  18  1:05  Probe  
  19  1:17  Probe  
  20  1:24  Nexus  
  20  1:34  Cybernetics Core  
  20  1:36  Probe  
  21  1:45  Assimilator  
  21  1:48  Probe  
  21  1:52  Pylon  
  22  2:00  Probe  
  23  2:09  Adept (Chrono Boost)  
  23  2:13  Probe  
  26  2:23  Stargate  
  26  2:25  Probe  
  26  2:27  Adept (Chrono Boost)  
  29  2:36  Warp Gate  
  29  2:37  Probe (Chrono Boost)  
  31  2:41  Probe (Chrono Boost)  
  31  2:45  Adept (Chrono Boost)  
  31  2:48  Probe (Chrono Boost)  
  35  2:52  Probe (Chrono Boost)  
  35  2:53  Probe (Chrono Boost)  
  36  3:01  Probe  
  36  3:03  Probe  
  38  3:06  Oracle (Chrono Boost)  
  38  3:07  Gateway  
  41  3:13  Probe  
  41  3:18  Probe  
  45  3:26  Probe  
  44  3:27  Pylon, Gateway  
  44  3:30  Probe  
  45  3:38  Probe  
  44  3:42  Probe  
  44  3:44  Phoenix (Chrono Boost), Assimilator  
  44  3:45  Assimilator  
  45  3:50  Probe  
  45  3:51  Twilight Council  
  45  3:55  Probe  
  47  3:57  Adept  
  47  4:02  Adept, Probe  
  52  4:07  Probe  
  53  4:13  Pylon  
  53  4:14  Probe  
  54  4:17  Resonating Glaives (Chrono Boost)  
  54  4:25  Pylon  
  54  4:28  Pylon  
  54  4:31  Probe x2, Oracle (Chrono Boost)  
  59  4:38  Adept  
  59  4:44  Adept  
  59  4:45  Adept  
  65  4:53  Nexus  
  65  4:56  Pylon  
  65  4:57  Probe  
  65  4:59  Probe  
  67  5:07  Adept  
  67  5:08  Adept  
  67  5:09  Probe  
  67  5:10  Adept  
  67  5:11  Probe  
  75  5:20  Shield Battery  
  75  5:24  Robotics Facility  
  75  5:27  Probe  
  76  5:32  Adept x3  
  82  5:36  Probe  
  82  5:39  Probe  
  84  5:48  Probe, Shield Battery  
  85  5:51  Probe  
  85  5:53  Pylon  
  86  5:58  Pylon  
  86  5:59  Pylon  
  86  6:04  Probe x2  
  86  6:10  Adept x2, Immortal (Chrono Boost)  
  92  6:11  Adept  
  92  6:16  Probe x2  
  100  6:21  Void Ray  
  100  6:22  Pylon  
  100  6:24  Probe  
  105  6:29  Probe x2  
  107  6:33  Forge  
  107  6:35  Templar Archives  
  107  6:36  Probe  
  106  6:40  Sentry x2  
  106  6:41  Probe  
  106  6:42  Probe  
  106  6:43  Zealot  
  114  6:48  Probe  
  114  6:53  Probe  
  114  6:54  Probe  
  117  7:00  Assimilator  
  117  7:01  Pylon, Assimilator  
  117  7:02  Pylon  
  117  7:05  Robotics Facility  
  117  7:13  Gateway  
  117  7:19  Probe x3, Immortal  
  119  7:26  Psionic Storm  
  115  7:31  Probe x3  
  104  7:38  High Templar x3  
  104  7:41  Gateway  
  104  7:42  Gateway  
  104  7:45  Protoss Ground Weapons Level 1 (Chrono Boost), Pylon  
  104  7:46  Pylon  
  104  7:51  Pylon  
  104  7:52  Gateway  
  104  7:54  Immortal (Chrono Boost), Gateway  
  108  7:58  Immortal (Chrono Boost)  
  112  8:06  Shield Battery  
  112  8:07  Shield Battery  
  112  8:11  High Templar  
  114  8:13  Zealot x2, High Templar  
  114  8:17  Archon  
  120  8:21  Shield Battery  
  120  8:22  Immortal (Chrono Boost), Shield Battery  
  120  8:25  Immortal (Chrono Boost)  
  128  8:39  High Templar x2  
  128  8:40  Zealot x2, Nexus  
  136  8:45  Zealot  
  138  8:51  Pylon  
  138  8:52  Immortal (Chrono Boost)  
  138  8:55  Immortal (Chrono Boost)  
  146  9:07  Zealot x5  
  156  9:14  Probe x2, Pylon  
  158  9:25  Pylon, Observer  
  158  9:27  Observer  
  158  9:29  Zealot x2  
  164  9:33  Pylon x2  
  164  9:36  Photon Cannon  
  164  9:43  Immortal (Chrono Boost)  
  164  9:45  Immortal (Chrono Boost)  
  172  9:55  High Templar  
  172  9:56  Zealot x2, High Templar x3  
  172  9:57  Zealot x2  
  188  10:05  Archon  
  188  10:06  Archon  
  170  10:17  Immortal  
  170  10:19  Zealot x4  
  166  10:40  Nexus, Photon Cannon  
  166  10:42  Pylon  
  166  10:51  Stalker x3  
  166  10:52  Protoss Ground Weapons Level 2 (Chrono Boost), Zealot x3, Stalker x2  
  166  10:54  Probe  
  179  11:03  Photon Cannon  
  169  11:17  High Templar x2  
  169  11:18  High Templar x4  
  174  11:19  Zealot x2  
  174  11:23  Archon  
  174  11:24  Archon x2  
  150  11:50  Zealot x3  
  150  11:51  Zealot x3  
  156  11:59  Immortal (Chrono Boost)  
  145  12:06  Gateway  
  141  12:09  Gateway  
  141  12:12  Gateway  
  135  12:17  Cybernetics Core  
  135  12:20  Archon  
  135  12:21  Zealot  
  135  12:22  Zealot x5  
  123  12:35  Probe x2  
  117  12:37  Probe  
  117  12:38  Probe  
  117  12:42  Zealot x5  
  123  12:46  High Templar  

Tags
 
Add a new tag
Caveats
  • Supply blocks, unpowered buildings, or Contaminate may cause inaccurate times.
  • Supply counts are checked every 10 seconds.